 Dungeon Crawl Stone Soup version 0.31-a0-1059-g83d41fd8b6 (webtiles) character file.

Game seed: 5036081327010123826

288 kae the Vexing (level 6, -1/44 HPs)
             Began as a Demonspawn Enchanter on Nov 21, 2023.
             Slain by a phantom (4 damage)
             ... on level 6 of the Dungeon.
             The game lasted 00:03:31 (3952 turns).

kae the Vexing (Demonspawn Enchanter)               Turns: 3952, Time: 00:03:31

Health: -1/44      AC:  5    Str: 10    XL:     6   Next: 9%
Magic:  1/10       EV: 12    Int: 16    God:
Gold:   233        SH:  0    Dex: 14    Spells: 5/10 levels left

rFire   . . .        a - +2 dagger (chaos)
rCold   . . .        (no shield)
rNeg    . . .        b - +0 robe
rPois   .            (no helmet)
rElec   .            (no cloak)
rCorr   .            (no gloves)
SInv    .            (no boots)
Will    .....        (no amulet)
Stlth   ++           (no ring)
HPRegen 0.27/turn    (no ring)
MPRegen 0.12/turn

%: no passive effects
@: no status effects
A: yellow scales 2, powered by death 1, demonic magic 1
a: no special abilities


You were on level 6 of the Dungeon.
You visited 1 branch of the dungeon, and saw 6 of its levels.

You collected 233 gold pieces.


Innate Abilities, Weirdness & Mutations

You are mostly covered in yellow scales. (AC +3)
You regenerate a little health from kills.
Spells you cast may paralyse adjacent enemies.


   Skills:
 + Level 1.8 Fighting
 * Level 2.7 Short Blades
 + Level 2.4 Dodging
 + Level 3.3 Stealth
 + Level 2.7 Spellcasting
 * Level 4.2 Hexes
 + Level 1.2 Ice Magic


You had 5 spell levels left.
You knew the following spells:

 Your Spells              Type           Power      Damage    Failure   Level
a - Ensorcelled Hibernat  Hex/Ice        20%        N/A       10%         2
b - Confusing Touch       Hex            15%        N/A       11%         3

Your spell library contained the following spells:

 Spells                   Type           Power      Damage    Failure   Level
 Slow                     Hex            60%        N/A       3%          1
 Sigil of Binding         Hex            15%        N/A       11%         3
 Tukima's Dance           Hex            15%        N/A       11%         3
 Dazzling Flash           Conj/Hex       16%        N/A       24%         3
 Vampiric Draining        Necr           2%         2d6       50%         3

Inventory:

Hand Weapons
 a - a +2 dagger of chaos (weapon)
Missiles
 e - 3 boomerangs
 f - 31 stones
 h - 3 javelins
 p - 10 poisoned darts
Armour
 b - a +0 robe (worn)
Magical Staves
 j - a staff of poison {!a}
   (You found it on level 1 of the Dungeon)
Scrolls
 d - 2 scrolls of fog
Potions
 c - 2 potions of invisibility
 g - a potion of berserk rage {unknown}
 k - 2 potions of lignification {unknown}
 l - 2 potions of might
 o - a potion of attraction {!q}
 r - a potion of ambrosia

Dungeon Overview and Level Annotations

Branches:
Dungeon (7/15) Zot: 26883
 Temple: D:4-7

Altars:
Gozag

Shops:
D:2 :

Annotations:
D:3 exclusion: 3 gnolls

#.. #.# #.#
#.# #.#
#ยง#####
#.....## #
#..#.W.##..#
#...@......#
##)#...##.##
#ยง##.......
#.######...#
#)# .# #.# #
#.# #.#
######.#


You could see a phantom (fast, confused).


Message History

The scorpion stings you but does no damage. ๐Ÿ˜จ HP[-1]
You take 1 damage, and now have 13/37 hp.
Casting: Ensorcelled Hibernation (safe; 11% risk of failure)
Confirm with . or Enter, or press ? or * to list all spells.
Aiming: Ensorcelled Hibernation (safe; 11% risk of failure)
Press: ? - help, Shift-Dir - straight line, f - scorpion
Aim: a scorpion (chance to affect: 44%)
The scorpion looks drowsy...
You feel sick. ๐Ÿ˜จ HP[-2] MP[-2]
You take 2 damage, and now have 11/37 hp.
You lost 2 mp, and now have 0/8 mp.
Unknown command.
The helpless scorpion fails to defend itself.
You impale the scorpion!! You burn the scorpion!
You kill the scorpion!
You feel sick.
The gnoll hits you from afar with a +0 spear!
* * * LOW HITPOINT WARNING * * *
You have reached level 6!
Your demonic ancestry asserts itself...
A menacing aura infuses your magic. ๐Ÿ˜ฑ HP[-8]
You now have 44 max hp (+7).
You take 8 damage, and now have 3/44 hp.
You feel better.
The gnoll barely misses you. ๐Ÿ˜จ HP[+9] MP[+1]
You regained 9 hp, and now have 12/44 hp.
The gnoll barely misses you. ๐Ÿ˜จ HP[+2]
You regained 2 hp, and now have 14/44 hp.
You closely miss the gnoll.
The gnoll barely misses you. ๐Ÿ˜จ HP[+1]
You hit the gnoll.
The gnoll is poisoned.
You kill the gnoll!
You see here a +0 spear.
You start resting.
A phantom comes into view. ๐Ÿ˜จ HP[+2] MP[+1]
You regained 2 hp, and now have 17/44 hp. ๐Ÿ˜จ HP[+1]
You start resting.
A phantom is nearby! ๐Ÿ˜จ HP[+1] MP[+1]
Casting: Ensorcelled Hibernation (safe; 10% risk of failure)
Confirm with . or Enter, or press ? or * to list all spells.
Your hands begin to glow red.
Malevolent energies surge around you.
The phantom hits you but does no damage.
The phantom hits you.
* * * LOW HITPOINT WARNING * * *
The phantom blinks!
You blink. ๐Ÿ˜จ HP[-3] MP[-3]
You take 3 damage, and now have 16/44 hp.
You lost 3 mp, and now have 0/10 mp.
You barely miss the phantom. The phantom closely misses you.
Unknown command.
You hit the phantom but do no damage. You closely miss the phantom.
The phantom hits you but does no damage.
You hit the phantom but do no damage.
The phantom hits you but does no damage. ๐Ÿ˜จ HP[+1]
You closely miss the phantom. The phantom hits you.
* * * LOW HITPOINT WARNING * * *
๐Ÿ˜จ HP[-3] MP[+1]
You take 3 damage, and now have 14/44 hp.
You hit the phantom but do no damage. The phantom hits you!
* * * LOW HITPOINT WARNING * * *
The phantom blinks!
You blink. ๐Ÿ˜ฑ HP[-7]
You take 7 damage, and now have 7/44 hp.
You closely miss the phantom. The phantom completely misses you.
You closely miss the phantom.
The phantom hits you but does no damage. ๐Ÿ˜ฑ HP[+1] Unknown command.
You hit the phantom but do no damage.
The phantom appears confused.
Unknown command.
The phantom hits you.
* * * LOW HITPOINT WARNING * * *
The phantom blinks!
You blink. ๐Ÿ˜ฑ HP[-4]
You take 4 damage, and now have 4/44 hp.
You catch the helpless phantom completely off-guard!
You puncture the phantom!
Okay, then.
The phantom hits you.
* * * LOW HITPOINT WARNING * * *
The phantom blinks!
You blink. ๐Ÿ˜ฑ HP[-1]
You take 1 damage, and now have 3/44 hp.
You strike the helpless phantom from behind!
You puncture the phantom!
The phantom seems to speed up.
The phantom hits you.
You die...

Skill      XL: |  1  2  3  4  5 |
---------------+----------------+-----
Short Blades   | 1 2 |  2.7
Dodging        | 2 |  2.4
Fighting       | 1 |  1.8
Stealth        | 3 |  3.3
Ice Magic      | 1 |  1.2
Hexes          | 4 |  4.2
Spellcasting   | |  2.7

Action                     |  1- 3 |  4- 6 || total
---------------------------+-------+-------++-------
  Melee: Dagger            |   199 |   135 ||   334
   Cast: Ensorcelled Hiber |     7 |     9 ||    16
         Confusing Touch   |       |     1 ||     1
    Use: Scroll            |    10 |     3 ||    13
         Potion            |       |     1 ||     1
   Stab: Sleeping          |    15 |     7 ||    22
         Paralysed         |       |     2 ||     2
         Confused          |       |     2 ||     2
 Armour: Robe              |    97 |    59 ||   156
  Dodge: Dodged            |   111 |    70 ||   181

Levels and vault maps discovered:
D:1:      ncdulo_wetmaze, layout_basic, hellmonk_ecumenical_altar_run_dry
D:2:      layout_loops_ring, serial_co_window_serial, co_window_corner_a,
          co_window_paths_b, co_window_corner_a, co_window_paths_a,
          co_window_cross_1, co_window_2corner, co_window_corner_b,
          co_window_of_opportunity_b, co_window_paths_d, co_window_paths_e,
          grunt_decor_cap, chequers_mini_garden, nicolae_shop_vocational
D:3:      layout_loops_ring
D:4:      layout_gridville, nicolae_qazlal_style_of_elements,
          grunt_gozag_statues
D:6:      layout_loops_ring, kennysheep_mini,
          mainiacjoe_overflow_six_doors_small, glass_columns_a, grunt_potential,
          uniq_eustachio
D:7:      layout_basic, minmay_temple_entry_trees, minmay_misc_feat_encased,
          minmay_liquid_box, dreamdust_princess_bridge, uniq_maggie, uniq_pikel

Notes
Turn   | Place    | Note
-------+----------+-------------------------------------------
     0 | D:1      | kae the Demonspawn Enchanter began the quest for the Orb.
     0 | D:1      | Reached XP level 1. HP: 13/13 MP: 3/3
     0 | D:1      | magus.rc [v1.11.3]
    91 | D:1      | Reached skill level 1 in Short Blades
    92 | D:1      | HP: 3/13 [goblin/+0 dagger (3)]
   179 | D:1      | Gained mutation: You are partially covered in yellow
                  | scales. (AC +2) [demonic ancestry]
   179 | D:1      | Reached XP level 2. HP: 7/19 MP: 5/5
   215 | D:1      | Learned a level 2 spell: Ensorcelled Hibernation
   337 | D:1      | Found a faded altar of an unknown god.
   536 | D:1      | Reached skill level 2 in Dodging
   536 | D:1      | Gained mutation: You regenerate a little health from kills.
                  | [demonic ancestry]
   536 | D:1      | Reached XP level 3. HP: 23/25 MP: 6/6
   540 | D:1      | Learned a level 3 spell: Confusing Touch
  1159 | D:2      | Found Hocvur's Vocational Training.
  1723 | D:2      | Reached skill level 1 in Fighting
  2340 | D:3      | Gained mutation: You are mostly covered in yellow scales.
                  | (AC +3) [demonic ancestry]
  2340 | D:3      | Reached XP level 4. HP: 31/32 MP: 4/7
  2378 | D:3      | Reached skill level 2 in Short Blades
  2403 | D:3      | You pick up a book of Debilitation and begin reading...
  2403 | D:3      | You add the spells Slow, Sigil of Binding and Vampiric
                  | Draining to your library.
  2519 | D:3      | Reached skill level 3 in Stealth
  3304 | D:4      | Found an opulent altar of Gozag.
  3812 | D:4      | You fall into a shaft and drop 3 floors!
  3820 | D:7      | Reached XP level 5. HP: 37/37 MP: 8/8
  3895 | D:6      | Reached skill level 1 in Ice Magic
  3909 | D:6      | Reached skill level 4 in Hexes
  3917 | D:6      | HP: 2/37 [gnoll/+0 spear[a gnoll bouda] (9)]
  3918 | D:6      | Gained mutation: Spells you cast may paralyse adjacent
                  | enemies. [demonic ancestry]
  3918 | D:6      | Reached XP level 6. HP: 3/44 MP: 0/10
  3945 | D:6      | HP: 7/44 [phantom (7)]
  3951 | D:6      | HP: 3/44 [phantom (2)]
  3952 | D:6      | Slain by a phantom

Vanquished Creatures
  A scorpion (D:6)
  A gnoll bouda (D:6)
  A jelly (D:7)
  5 gnolls (D:6)
  An adder (D:4)
  A worm (D:2)
  A dart slug (D:3)
  11 orcs
  8 bats
  7 endoplasms
  2 giant cockroaches
  8 goblins
  4 hobgoblins
  9 jackals (D:1)
  9 kobolds
  7 quokkas
  7 ball pythons
  7 frilled lizards
  4 rats
94 creatures vanquished.

Vanquished Creatures (collateral kills)
  A goblin (D:3)
1 creature vanquished.

Grand Total: 95 creatures vanquished

Table legend:
 A = Non-vault XP
 B = Vault XP
 C = Vault XP percentage of total XP
 D = Non-vault monster count
 E = Vault monster count
 F = Vault count percentage of total count
                 A         B        C        D         E       F
            +---------+---------+-------+---------+---------+-------
      Total |     412 |       0 |   0.0 |      95 |       0 |   0.0
            +---------+---------+-------+---------+---------+-------
        D:1 |      60 |       0 |   0.0 |      35 |       0 |   0.0
        D:2 |      29 |       0 |   0.0 |      17 |       0 |   0.0
        D:3 |      46 |       0 |   0.0 |      22 |       0 |   0.0
        D:4 |      39 |       0 |   0.0 |      13 |       0 |   0.0
        D:6 |     198 |       0 |   0.0 |       7 |       0 |   0.0
        D:7 |      40 |       0 |   0.0 |       1 |       0 |   0.0
            +---------+---------+-------+---------+---------+-------

Skill      XL: |  1  2  3  4  5 |
---------------+----------------+-----
Short Blades   | 1 2 |  2.7
Dodging        | 2 |  2.4
Fighting       | 1 |  1.8
Stealth        | 3 |  3.3
Ice Magic      | 1 |  1.2
Hexes          | 4 |  4.2
Spellcasting   | |  2.7

Action                     |  1- 3 |  4- 6 || total
---------------------------+-------+-------++-------
  Melee: Dagger            |   199 |   135 ||   334
   Cast: Ensorcelled Hiber |     7 |     9 ||    16
         Confusing Touch   |       |     1 ||     1
    Use: Scroll            |    10 |     3 ||    13
         Potion            |       |     1 ||     1
   Stab: Sleeping          |    15 |     7 ||    22
         Paralysed         |       |     2 ||     2
         Confused          |       |     2 ||     2
 Armour: Robe              |    97 |    59 ||   156
  Dodge: Dodged            |   111 |    70 ||   181

Illustrated notes

Table legend:
 A = Kills in this place as a percentage of kills in the entire game.
 B = Kills by you in this place as a percentage of kills by you in the entire game.
 C = Kills by friends in this place as a percentage of kills by friends in the entire game.
 D = Other kills in this place as a percentage of other kills in the entire game.
 E = Experience gained in this place as a percentage of experience gained in the entire game.
 F = Experience gained in this place divided by the number of levels of this place that you have seen.
                   A       B       C       D       E      F
               +-------+-------+-------+-------+-------+----------------------
         Total | 100.0 | 100.0 | 100.0 |   N/A | 100.0 |  68.7
       Dungeon | 100.0 | 100.0 | 100.0 |   N/A | 100.0 |  68.7
               +-------+-------+-------+-------+-------+----------------------

Table legend: (Time is in decaauts)
 A = Elapsed time spent in this place.
 B = Non-inter-level travel time spent in this place.
 C = Inter-level travel time spent in this place.
 D = Time resting spent in this place.
 E = Time spent auto-exploring this place.
 F = Levels seen in this place.
 G = Mean time per level.
                   A        B        C        D        E       F      G
               +--------+--------+--------+--------+--------+-----+--------+
         Total |   3932 |   3761 |    171 |    131 |   2941 |   6 |  655.3 |
       Dungeon |   3932 |   3761 |    171 |    131 |   2941 |   6 |  655.3 |
               +--------+--------+--------+--------+--------+-----+--------+

Top non-repeatable levels by time:
     D:1: 1135 daAuts
     D:2: 1120 daAuts
     D:3: 871 daAuts
     D:4: 669 daAuts
     D:6: 115 daAuts
     D:7: 18 daAuts
